 Dungeon Crawl Stone Soup version 0.21.1-1-g345015f (webtiles) character file.

72 shakethe the Ruffian (level 4, -4/32 HPs)
             Began as a Formicid Transmuter on Feb 8, 2018.
             Slain by a gnoll
             ... wielding a +0 whip
              (13 damage)
             ... on level 2 of the Dungeon.
             The game lasted 00:08:44 (1956 turns).

shakethe the Ruffian (Formicid Transmuter)          Turns: 1956, Time: 00:08:44

Health: -4/32      AC:  2    Str: 15    XL:     4   Next: 50%
Magic:  7/7        EV: 12    Int: 12    God:
Gold:   62         SH:  0    Dex: 12    Spells: 7/8 levels left

rFire    . . .     SeeInvis +     - Unarmed
rCold    . . .     Gourm    .   (no shield)
rNeg     . . .     Faith    +   b - +0 robe
rPois    .         Spirit   .   (helmet unavailable)
rElec    .         Reflect  .   (no cloak)
rCorr    .         Harm     .   (no gloves)
MR       .....                  (no boots)
Stlth    ++........             l - amulet of faith
HPRegen  0.10/turn              (no ring)
MPRegen  0.10/turn              (no ring)

@: no status effects
A: permanent stasis, dig shafts and tunnels, four strong arms, antennae 3
a: Dig, Shaft Self


You were on level 2 of the Dungeon.
You were not hungry.

You visited 1 branch of the dungeon, and saw 2 of its levels.

You collected 62 gold pieces.

Inventory:

Missiles
 a - 12 arrows
Armour
 b - a +0 robe (worn)
Jewellery
 l - an amulet of faith (around neck)
 m - an uncursed amulet of rage
 o - a -2 ring of slaying
Scrolls
 e - a scroll of identify {unknown}
 h - a scroll of noise {unknown}
 j - a scroll of teleportation {unknown}
Potions
 i - a potion of flight {unknown}
 k - a potion of heal wounds {unknown}
Books
 c - a book of Changes

   Spells                             Type                      Level
   a - Beastly Appendage              Transmutation                1
   b - Sticks to Snakes               Transmutation                2
   c - Spider Form                    Transmutation/Poison         3
   d - Ice Form                       Ice/Transmutation            4
   e - Blade Hands                    Transmutation                5
Comestibles
 d - 4 rations


   Skills:
 + Level 1.6 Fighting
 + Level 2.2 Dodging
 + Level 1.3 Stealth
 * Level 3.8 Unarmed Combat
 + Level 2.6 Spellcasting
 + Level 2.6 Transmutations


You had 7 spell levels left.
You knew the following spells:

 Your Spells              Type           Power        Failure   Level  Hunger
a - Beastly Appendage     Tmut           #.....       9%          1    #......


Dungeon Overview and Level Annotations

Branches:
Dungeon (2/15)

Altars:
Okawaru


Innate Abilities, Weirdness & Mutations

You cannot be hasted, slowed, berserked, paralysed or teleported.
You can dig through walls and to a lower floor.
Your four strong arms can wield two-handed weapons with a shield.
You have a pair of large antennae on your head. (SInv)


Message History

The rat twitches its whiskers.
Things that are here:
a stone; a kobold corpse The gnoll closely misses you.
The gnoll hits you with a whip.
The rat twitches its whiskers.
The gnoll completely misses you.
You see here a leopard gecko corpse.
The gnoll hits you with a whip.
The gnoll is no longer moving quickly.
There is a stone staircase leading up here.
The gnoll hits you but does no damage.
You see here a whip.
You barely miss the gnoll. The gnoll hits you with a whip.
The gnoll hits you with a whip!
* * * LOW HITPOINT WARNING * * *
The gnoll closely misses you. The gnoll barely misses you.
The gnoll hits you with a whip!
You die...

##.....#......
#####.#...### #......##
#..#.....
##########..#....#
#........#......##
#..........##....)
#...............##
#@.......####...##
#.g..)...# #...##
#.g..<...# ######
#........######...
#........#......##
#..........######
##############.##
#...........{#.#
#........).....########


You could see 2 gnolls.

Vanquished Creatures
  2 gnolls
  An adder (D:2)
  A worm (D:2)
  A dart slug (D:1)
  4 leopard geckos
  4 bats (D:1)
  A giant cockroach (D:2)
  4 hobgoblins
  7 kobolds
  2 ball pythons
  3 frilled lizards (D:1)
  3 goblins
  6 rats (D:1)
39 creatures vanquished.

Notes
Turn   | Place    | Note
-------+----------+-------------------------------------------
     0 | D:1      | shakethe the Formicid Transmuter began the quest for the Orb.
     0 | D:1      | Reached XP level 1. HP: 15/15 MP: 3/3
   142 | D:1      | Reached XP level 2. HP: 19/21 MP: 3/5
   592 | D:1      | Reached XP level 3. HP: 26/26 MP: 6/6
  1364 | D:2      | Reached skill level 1 in Stealth
  1399 | D:2      | Found an iron altar of Okawaru.
  1466 | D:2      | Reached XP level 4. HP: 31/32 MP: 5/7
  1956 | D:2      | Slain by a gnoll

Skill      XL: |  1  2  3 |
---------------+----------+-----
Dodging        | 2 |  2.2
Stealth        | 1 |  1.3
Fighting       | |  1.6
Unarmed Combat | |  3.8
Spellcasting   | |  2.6
Transmutations | |  2.6

Action                   |  1- 3 |  4- 6 || total
-------------------------+-------+-------++-------
Melee: Unarmed           |   118 |    29 ||   147
       Kick              |    10 |     4 ||    14
       Punch             |     1 |       ||     1
 Cast: Beastly Appendage |    18 |     5 ||    23
  Use: Scroll            |       |     3 ||     3
  Eat: Chunk             |     2 |     2 ||     4
Armor: Robe              |    29 |     4 ||    33
Dodge: Dodged            |   109 |    23 ||   132
